| TOP OF THE 1ST |
|
Oregon State University Beavers batting - Pitching for University of Georgia Bulldogs : RHP Justin Cain
|
|
Pitching: RHP Justin Cain
|
|
|
Batting: LHB Sun-wei Kuai
|
0-0: Ball 1-0: Foul Ball, location: 2F 1-1: Called Strike 1-2: Foul Ball, location: 2F 1-2: Foul Ball, location: 2F 1-2: Foul Ball, location: 2F 1-2: Ball 2-2: Ball 3-2: Fly out, F8 (Flyball, 8LM, EV 94.4 MPH)
|
|
Batting: RHB Yasuyuki Moriyama
|
0-0: Swinging Strike 0-1: Foul Ball, location: 2F 0-2: Ball 1-2: Ground out 6-3 (Groundball, 56D, EV 100.0 MPH)
|
|
Batting: RHB Luis Flores
|
0-0: Called Strike 0-1: Foul Ball, location: 2F 0-2: Ball 1-2: Foul Ball, location: 2F 1-2: Strikes out looking
|
| Top of the 1st over - 0 runs, 0 hits, 0 errors, 0 left on base; Oregon State University 0 - University of Georgia 0 |
| BOTTOM OF THE 1ST |
|
University of Georgia Bulldogs batting - Pitching for Oregon State University Beavers : RHP Rimbo Zhu
|
|
Pitching: RHP Rimbo Zhu
|
|
|
Batting: RHB Justin Szymczyk
|
0-0: Ball 1-0: Ball 2-0: SINGLE (Flyball, 34D, EV 87.5 MPH)
|
|
Batting: LHB Cole Sanchez
|
0-0: Called Strike Justin Szymczyk is caught stealing 2nd base 2-6 0-1: Swinging Strike 0-2: Ball 1-2: Ball 2-2: Strikes out looking
|
|
Batting: LHB Milton Yeo
|
0-0: Ball 1-0: Called Strike 1-1: Called Strike 1-2: Ball 2-2: Ball 3-2: Foul Ball, location: 2F 3-2: Foul Ball, location: 2F 3-2: Foul Ball, location: 2F 3-2: Ground out 6-3 (Groundball, 6, EV 91.9 MPH)
|
| Bottom of the 1st over - 0 runs, 1 hit, 0 errors, 0 left on base; Oregon State University 0 - University of Georgia 0 |
| TOP OF THE 2ND |
|
Oregon State University Beavers batting - Pitching for University of Georgia Bulldogs : RHP Justin Cain
|
|
Batting: LHB Abdul-Hakim Jibril
|
0-0: Ball 1-0: Ball 2-0: Foul Ball, location: 2F 2-1: Swinging Strike 2-2: Strikes out swinging
|
|
Batting: RHB Willie Lopez
|
0-0: Fly out, F7 (Flyball, 7D, EV 101.2 MPH)
|
|
Batting: RHB Oscar Munoz
|
0-0: Ground out 6-3 (Groundball, 6, EV 88.8 MPH)
|
| Top of the 2nd over - 0 runs, 0 hits, 0 errors, 0 left on base; Oregon State University 0 - University of Georgia 0 |
| BOTTOM OF THE 2ND |
|
University of Georgia Bulldogs batting - Pitching for Oregon State University Beavers : RHP Rimbo Zhu
|
|
Batting: LHB Luis Mejia
|
0-0: Called Strike 0-1: Foul Ball, location: 2F 0-2: Ball 1-2: Foul Ball, location: 2F 1-2: Strikes out looking
|
|
Batting: RHB Rich Gold
|
0-0: Ball 1-0: Foul Ball, location: 2F 1-1: Called Strike 1-2: Strikes out swinging
|
|
Batting: RHB Javier Alcorta
|
0-0: Called Strike 0-1: Ball 1-1: Foul Ball, location: 2F 1-2: Foul Ball, location: 2F 1-2: Ground out 4-3 (Groundball, 13, EV 89.4 MPH)
|
| Bottom of the 2nd over - 0 runs, 0 hits, 0 errors, 0 left on base; Oregon State University 0 - University of Georgia 0 |
| TOP OF THE 3RD |
|
Oregon State University Beavers batting - Pitching for University of Georgia Bulldogs : RHP Justin Cain
|
|
Batting: LHB Jon Hamilton
|
0-0: Ball 1-0: Called Strike 1-1: Called Strike 1-2: Strikes out swinging, 2-3 out at first.
|
|
Batting: RHB Israel Soto
|
0-0: Ball 1-0: Ball 2-0: Swinging Strike 2-1: Foul Ball, location: 2F 2-2: Ball 3-2: Foul Ball, location: 2F 3-2: Foul Ball, location: 2F 3-2: Foul Ball, location: 2F 3-2: Base on Balls
|
|
Batting: SHB Sosaia Apelahama
|
0-0: Ball 1-0: SINGLE (Groundball, 4, EV 99.4 MPH) Israel Soto to second
|
|
Batting: LHB Sun-wei Kuai
|
0-0: Ball 1-0: Foul Ball, location: 2F 1-1: Ball 2-1: Foul Ball, location: 2F 2-2: Foul Ball, location: 2F 2-2: Grounds into double play, 4-6-3 (Groundball, 4, EV 90.6 MPH)
|
| Top of the 3rd over - 0 runs, 1 hit, 0 errors, 1 left on base; Oregon State University 0 - University of Georgia 0 |
| BOTTOM OF THE 3RD |
|
University of Georgia Bulldogs batting - Pitching for Oregon State University Beavers : RHP Rimbo Zhu
|
|
Batting: RHB Ed Howard
|
0-0: Foul Ball, location: 2F 0-1: Swinging Strike 0-2: Reached via error on a dropped throw from SS, E3 (Groundball, 6, EV 80.0 MPH)
|
|
Batting: RHB James Warby
|
0-0: Ball 1-0: Ball 2-0: Called Strike 2-1: Ball 3-1: Called Strike 3-2: Strikes out looking
|
|
Batting: LHB Edwin Zavala
|
0-0: Called Strike 0-1: Fielders Choice at 2nd, 4-6 (Groundball, 4, EV 88.8 MPH)
|
|
Batting: RHB Justin Szymczyk
|
0-0: Ball Edwin Zavala steals 2nd base 1-0: Foul Ball, location: 2F 1-1: Ground out U3 (Groundball, 3S, EV 90.6 MPH)
|
| Bottom of the 3rd over - 0 runs, 0 hits, 1 error, 1 left on base; Oregon State University 0 - University of Georgia 0 |
| TOP OF THE 4TH |
|
Oregon State University Beavers batting - Pitching for University of Georgia Bulldogs : RHP Justin Cain
|
|
Batting: RHB Yasuyuki Moriyama
|
0-0: Ball 1-0: Called Strike 1-1: Ball 2-1: Called Strike 2-2: Strikes out swinging
|
|
Batting: RHB Luis Flores
|
0-0: Foul Ball, location: 2F 0-1: Called Strike 0-2: Ball 1-2: Strikes out looking
|
|
Batting: LHB Abdul-Hakim Jibril
|
0-0: Ball 1-0: Ground out 2-3 (Groundball, 15S, EV 62.5 MPH)
|
| Top of the 4th over - 0 runs, 0 hits, 0 errors, 0 left on base; Oregon State University 0 - University of Georgia 0 |
| BOTTOM OF THE 4TH |
|
University of Georgia Bulldogs batting - Pitching for Oregon State University Beavers : RHP Rimbo Zhu
|
|
Batting: LHB Cole Sanchez
|
0-0: Foul Ball, location: 2F 0-1: Ball 1-1: Foul Ball, location: 2F 1-2: Ball 2-2: Foul Ball, location: 2F 2-2: Ground out 6-3 (Groundball, 6MS, EV 86.9 MPH)
|
|
Batting: LHB Milton Yeo
|
0-0: Ball 1-0: Called Strike 1-1: Ball 2-1: Called Strike 2-2: Ground out 5-3 (Groundball, 56, EV 90.0 MPH)
|
|
Batting: LHB Luis Mejia
|
0-0: Ball 1-0: Called Strike 1-1: Ball 2-1: Foul Ball, location: 2F 2-2: SINGLE (Line Drive, 89S, EV 88.8 MPH)
|
|
Batting: RHB Rich Gold
|
0-0: Called Strike 0-1: Ball 1-1: Foul Ball, location: 2F 1-2: Strikes out swinging
|
| Bottom of the 4th over - 0 runs, 1 hit, 0 errors, 1 left on base; Oregon State University 0 - University of Georgia 0 |
| TOP OF THE 5TH |
|
Oregon State University Beavers batting - Pitching for University of Georgia Bulldogs : RHP Justin Cain
|
|
Batting: RHB Willie Lopez
|
0-0: Foul Ball, location: 2F 0-1: Called Strike 0-2: Ball 1-2: Foul Ball, location: 2F 1-2: Ball 2-2: Strikes out swinging
|
|
Batting: RHB Oscar Munoz
|
0-0: Foul Ball, location: 2F 0-1: Ball 1-1: Ball 2-1: Swinging Strike 2-2: Foul Ball, location: 2F 2-2: Foul Ball, location: 2F 2-2: Strikes out swinging
|
|
Batting: LHB Jon Hamilton
|
0-0: Swinging Strike 0-1: Foul Ball, location: 2F 0-2: Ball 1-2: Strikes out swinging
|
| Top of the 5th over - 0 runs, 0 hits, 0 errors, 0 left on base; Oregon State University 0 - University of Georgia 0 |
| BOTTOM OF THE 5TH |
|
University of Georgia Bulldogs batting - Pitching for Oregon State University Beavers : RHP Rimbo Zhu
|
|
Batting: RHB Javier Alcorta
|
0-0: Called Strike 0-1: Ball 1-1: Swinging Strike 1-2: Strikes out swinging
|
|
Batting: RHB Ed Howard
|
0-0: Foul Ball, location: 2F 0-1: Foul Ball, location: 2F 0-2: Foul Ball, location: 2F 0-2: Foul Ball, location: 2F 0-2: Ground out 5-3 (Groundball, 15, EV 83.1 MPH)
|
|
Batting: RHB James Warby
|
0-0: Foul Ball, location: 2F 0-1: Called Strike 0-2: Ball 1-2: Ground out 5-3 (Groundball, 56S, EV 85.6 MPH)
|
| Bottom of the 5th over - 0 runs, 0 hits, 0 errors, 0 left on base; Oregon State University 0 - University of Georgia 0 |
| TOP OF THE 6TH |
|
Oregon State University Beavers batting - Pitching for University of Georgia Bulldogs : RHP Justin Cain
|
|
Batting: RHB Israel Soto
|
0-0: Called Strike 0-1: Ball 1-1: Foul Ball, location: 2F 1-2: Foul Ball, location: 2F 1-2: Strikes out looking
|
|
Pitching: LHP Vinny Segarra
|
|
|
Batting: SHB Sosaia Apelahama
|
0-0: Fly out, F9 (Flyball, 89D, EV 85.0 MPH)
|
|
Batting: LHB Sun-wei Kuai
|
0-0: Ball 1-0: Foul Ball, location: 2F 1-1: Fly out, F7 (Flyball, 7S, EV 82.5 MPH)
|
| Top of the 6th over - 0 runs, 0 hits, 0 errors, 0 left on base; Oregon State University 0 - University of Georgia 0 |
| BOTTOM OF THE 6TH |
|
University of Georgia Bulldogs batting - Pitching for Oregon State University Beavers : RHP Rimbo Zhu
|
|
Pitching: RHP Edgar Cepeda
|
|
|
Batting: LHB Edwin Zavala
|
0-0: Ball 1-0: Ball 2-0: Ground out 6-3 (Groundball, 6, EV 86.9 MPH)
|
|
Batting: RHB Justin Szymczyk
|
0-0: Ball 1-0: DOUBLE (Line Drive, 7LM, EV 112.5 MPH)
|
|
Batting: LHB Cole Sanchez
|
0-0: Called Strike 0-1: Ball 1-1: Ball 2-1: Ball 3-1: Base on Balls
|
|
Batting: LHB Milton Yeo
|
0-0: DOUBLE (Line Drive, 8RD, EV 101.9 MPH) Justin Szymczyk scores Cole Sanchez to third
|
|
Batting: LHB Luis Mejia
|
0-0: Called Strike 0-1: Ball 1-1: Ball 2-1: Ground out 4-3 (Groundball, 4M, EV 101.9 MPH)
|
|
Batting: RHB Rich Gold
|
0-0: Ball 1-0: Called Strike 1-1: Ground out 6-3 (Groundball, 56, EV 90.6 MPH)
|
| Bottom of the 6th over - 1 run, 2 hits, 0 errors, 2 left on base; Oregon State University 0 - University of Georgia 1 |
| TOP OF THE 7TH |
|
Oregon State University Beavers batting - Pitching for University of Georgia Bulldogs : LHP Vinny Segarra
|
|
Batting: RHB Yasuyuki Moriyama
|
0-0: Ball 1-0: Foul Ball, location: 2F 1-1: Ball 2-1: Ball 3-1: Ground out U3 (Groundball, 34, EV 90.6 MPH)
|
|
Batting: RHB Luis Flores
|
0-0: Called Strike 0-1: Ball 1-1: Ball 2-1: SOLO HOME RUN (Flyball, 89XD, EV 101.2 MPH), Distance : 398 ft
|
|
Batting: LHB Abdul-Hakim Jibril
|
0-0: Foul Ball, location: 2F 0-1: Ball 1-1: Called Strike 1-2: Ground out U3 (Groundball, 3, EV 87.5 MPH)
|
|
Batting: RHB Willie Lopez
|
0-0: Foul Ball, location: 2F 0-1: Reached on error, E4 (Groundball, 4, EV 89.4 MPH)
|
|
Pitching: RHP Jesse Moritz
|
|
|
Batting: RHB Oscar Munoz
|
0-0: Called Strike 0-1: Reached on error, E4 (Groundball, 4, EV 84.4 MPH) Willie Lopez to third
|
|
Batting: LHB Jon Hamilton
|
0-0: Foul Ball, location: 2F 0-1: Ball 1-1: Ball 2-1: Ball 3-1: Swinging Strike 3-2: Foul Ball, location: 2F 3-2: Foul Ball, location: 2F 3-2: Base on Balls
|
|
Batting: RHB Israel Soto
|
0-0: Foul Ball, location: 2F 0-1: Ball 1-1: Ball 2-1: Foul Ball, location: 2F 2-2: Ball 3-2: Strikes out swinging
|
| Top of the 7th over - 1 run, 1 hit, 2 errors, 3 left on base; Oregon State University 1 - University of Georgia 1 |
| BOTTOM OF THE 7TH |
|
University of Georgia Bulldogs batting - Pitching for Oregon State University Beavers : RHP Edgar Cepeda
|
|
Batting: RHB Javier Alcorta
|
0-0: Ground out 5-3 (Groundball, 5, EV 88.1 MPH)
|
|
Pinch Hitting: RHB Murilo Cunha
|
0-0: Ball 1-0: Fly out, F7 (Line Drive, 7S, EV 93.8 MPH)
|
|
Batting: RHB James Warby
|
0-0: DOUBLE (Flyball, 9LD, EV 110.6 MPH)
|
|
Batting: LHB Edwin Zavala
|
0-0: Ball 1-0: Ball 2-0: Called Strike 2-1: Ball 3-1: Foul Ball, location: 2F 3-2: SINGLE (Line Drive, 56D, EV 98.1 MPH) James Warby to third Runner from 3rd tries for Home, SAFE, throw by LF to home
|
|
Batting: RHB Justin Szymczyk
|
0-0: SINGLE (Line Drive, 78M, EV 102.5 MPH) Edwin Zavala to second
|
|
Batting: LHB Cole Sanchez
|
0-0: Ball 1-0: Foul Ball, location: 2F 1-1: Ball 2-1: Swinging Strike 2-2: Strikes out swinging
|
| Bottom of the 7th over - 1 run, 3 hits, 0 errors, 2 left on base; Oregon State University 1 - University of Georgia 2 |
| TOP OF THE 8TH |
|
Oregon State University Beavers batting - Pitching for University of Georgia Bulldogs : RHP Jesse Moritz
|
|
Now in RF: Sloan Rayner
|
|
|
Pinch Hitting: LHB Jason Trevarrow
|
0-0: Ground out 6-3 (Groundball, 56, EV 88.8 MPH)
|
|
Batting: LHB Sun-wei Kuai
|
0-0: Ball 1-0: Ball 2-0: Ball 3-0: Called Strike 3-1: Foul Ball, location: 2F 3-2: Base on Balls
|
|
Batting: RHB Yasuyuki Moriyama
|
0-0: Ball 1-0: Foul Ball, location: 2F 1-1: Ball 2-1: Fielders Choice at 2nd, 6-4 (Groundball, 6, EV 102.5 MPH)
|
|
Batting: RHB Luis Flores
|
0-0: Called Strike 0-1: Foul Ball, location: 2F 0-2: Foul Ball, location: 2F 0-2: Foul Ball, location: 2F 0-2: Ball 1-2: Foul Ball, location: 2F 1-2: Fielders Choice at 2nd, 6-4 (Groundball, 56, EV 82.5 MPH)
|
| Top of the 8th over - 0 runs, 0 hits, 0 errors, 1 left on base; Oregon State University 1 - University of Georgia 2 |
| BOTTOM OF THE 8TH |
|
University of Georgia Bulldogs batting - Pitching for Oregon State University Beavers : RHP Edgar Cepeda
|
|
Pitching: LHP Jaime Belden
|
|
|
Now at SS: Eric Robertson
|
|
|
Pinch Hitting: LHB Andy Dyer
|
0-0: Ball 1-0: Ground out 5-3 (Groundball, 56, EV 105.0 MPH)
|
|
Batting: LHB Luis Mejia
|
0-0: Ball 1-0: Ball 2-0: Swinging Strike 2-1: Called Strike 2-2: Strikes out swinging
|
|
Pitching: LHP Fraser Braddock
|
|
|
Batting: RHB Rich Gold
|
0-0: Called Strike 0-1: Foul Ball, location: 2F 0-2: Strikes out looking
|
| Bottom of the 8th over - 0 runs, 0 hits, 0 errors, 0 left on base; Oregon State University 1 - University of Georgia 2 |
| TOP OF THE 9TH |
|
Oregon State University Beavers batting - Pitching for University of Georgia Bulldogs : RHP Jesse Moritz
|
|
Pitching: RHP Bill Maher
|
|
|
Now at 1B: Andy Dyer
|
|
|
Batting: LHB Abdul-Hakim Jibril
|
0-0: Ball 1-0: Foul Ball, location: 2F 1-1: Called Strike 1-2: Ground out 4-3 (Groundball, 4, EV 89.4 MPH)
|
|
Batting: RHB Willie Lopez
|
0-0: Ball 1-0: Called Strike 1-1: Fly out, F1 (Popup, 13, EV 83.8 MPH)
|
|
Batting: RHB Oscar Munoz
|
0-0: Ground out 4-3 (Groundball, 4, EV 83.8 MPH)
|
| Top of the 9th over - 0 runs, 0 hits, 0 errors, 0 left on base; Oregon State University 1 - University of Georgia 2 |
|